 Dungeon Crawl Stone Soup version 0.23-a0-650-ga4d50d4 (webtiles) character file.

126 Borgoz the Sneak (level 5, -1/32 HPs)
             Began as a Kobold Assassin on Jan 2, 2019.
             Slain by Eustachio
             ... wielding a +0 rapier
              (3 damage)
             ... on level 4 of the Dungeon.
             The game lasted 00:06:22 (3208 turns).

Borgoz the Sneak (Kobold Assassin)                  Turns: 3208, Time: 00:06:23

Health: -1/32      AC:  9    Str:  8    XL:     5   Next: 31%
Magic:  5/5        EV: 13    Int: 13    God:
Gold:   70         SH:  0    Dex: 17    Spells: 4/4 levels left

rFire    . . .     SeeInvis .   a - +2 dagger
rCold    . . .     Gourm    .   (shield restricted)
rNeg     . . .     Faith    .   u - +0 ring mail
rPois    .         Spirit   .   q - +2 helmet
rElec    .         Reflect  .   d - +0 cloak
rCorr    .         Harm     .   (no gloves)
MR       .....                  (no boots)
Stlth    +++.......             (no amulet)
HPRegen  0.10/turn              (no ring)
MPRegen  0.09/turn              (no ring)

@: no status effects
A: small, carnivore
a: no special abilities


You were on level 4 of the Dungeon.
You were completely stuffed.

You visited 1 branch of the dungeon, and saw 4 of its levels.

You collected 70 gold pieces.

Inventory:

Hand Weapons
 a - a +2 dagger (weapon)
 b - a +0 blowgun
Missiles
 e - 8 poisoned needles
 f - 2 curare-tipped needles
 s - 6 tomahawks (quivered)
Armour
 d - a +0 cloak (worn)
 q - a +2 helmet (worn)
 t - a cursed +0 robe
 u - a +0 ring mail (worn)
Jewellery
 l - an uncursed ring of ice
Scrolls
 c - a scroll of enchant armour {unknown}
 k - 3 scrolls of identify {unknown}
 m - 2 scrolls of noise {unknown}
 n - 4 scrolls of remove curse {unknown}
 o - 2 scrolls of amnesia {unknown}
 p - a scroll of fear {unknown}
 w - a scroll of blinking {unknown}
Potions
 h - a potion of curing {unknown}
 i - 4 potions of might {unknown}
 j - 3 potions of heal wounds {unknown}
 r - a potion of magic {unknown}
 v - a potion of flight {unknown}
Comestibles
 g - 6 rations


   Skills:
 + Level 3.1 Fighting
 + Level 3.9 Short Blades
 - Level 2.1 Throwing
 + Level 1.4 Armour
 + Level 2.6 Dodging
 + Level 6.0 Stealth


You had 4 spell levels left.
You didn't know any spells.
Your spell library was empty.

Dungeon Overview and Level Annotations

Branches:
Dungeon (4/15)
 Temple: D:4-7

Altars:
Ru

Annotations:
D:4 Eustachio


Innate Abilities, Weirdness & Mutations

You are small and have problems with some larger weapons.
You are carnivorous and can eat meat at any time.


Message History

The river rat bites you. The bat hits you but does no damage.
The bat hits you but does no damage. The bat closely misses you.
The river rat bites you. Eustachio barely misses you.
You barely miss Eustachio.
Eustachio is heavily wounded.
The bat misses you.
The river rat bites you but does no damage.
You closely miss Eustachio.
Eustachio is heavily wounded.
The bat misses you. The river rat bites you. x2
* * * LOW HITPOINT WARNING * * *
Eustachio closely misses you.
Eustachio brags, "I can call spirits from the vasty deep."
Eustachio misses you. The bat closely misses you.
You barely miss Eustachio.
Eustachio is heavily wounded.
The bat closely misses you. The river rat bites you!
* * * LOW HITPOINT WARNING * * *
The river rat barely misses you. Eustachio hits you with a +0 rapier.
You die...

# #..# #.......(..... #
#..# #............# #
#..# #.....(.....# #
#..# #....(.....# # #..#
#..........# ####..#
#..........#### ..#...#
###.....b.......
......###......r@r......
.###..........wr@.......
## ###...########.......
##.## ####### ###


You could see Eustachio, a worm, 3 river rats and a bat.

Vanquished Creatures
  An orc priest (D:3)
  2 adders
  2 oozes
  4 dart slugs
  3 leopard geckos
  7 orcs
  8 bats
  3 giant cockroaches (D:3)
  4 goblins
  5 hobgoblins
  A quokka (D:2)
  3 frilled lizards
  3 kobolds
  5 rats
51 creatures vanquished.

Notes
Turn   | Place    | Note
-------+----------+-------------------------------------------
     0 | D:1      | Borgoz the Kobold Assassin began the quest for the Orb.
     0 | D:1      | Reached XP level 1. HP: 12/12 MP: 1/1
    92 | D:1      | Reached XP level 2. HP: 18/18 MP: 2/2
   355 | D:1      | Reached XP level 3. HP: 22/22 MP: 3/3
   805 | D:2      | Reached skill level 1 in Armour
  1096 | D:2      | Reached XP level 4. HP: 27/27 MP: 4/4
  1708 | D:3      | HP: 1/27 [orc priest/nerve-wracking pain (3)]
  2145 | D:3      | Found a faded altar of an unknown god.
  2174 | D:3      | Reached XP level 5. HP: 27/32 MP: 5/5
  2348 | D:3      | Reached skill level 6 in Stealth
  2480 | D:4      | Noticed a phantom
  3170 | D:4      | Found a sacrificial altar of Ru.
  3188 | D:4      | Noticed Eustachio
  3208 | D:4      | Slain by Eustachio

Vault maps used:
D:1:      dpeg_arrival_simpleton_c, minmay_misc_feat_square, feat_on_display
D:3:      chequers_ecumenical_altar_simple_redux
D:4:      wander_river, nicolae_ru_path_of_blood, uniq_eustachio

Skill      XL: |  1  2  3  4  5 |
---------------+----------------+-----
Short Blades   | 3 |  3.9
Dodging        | 2 |  2.6
Armour         | 1 |  1.4
Fighting       | 3 |  3.1
Stealth        | 6 |  6.0
Throwing       | |  2.1

Action                   |  1- 3 |  4- 6 || total
-------------------------+-------+-------++-------
Melee: Dagger            |    70 |   143 ||   213
 Fire: Blowgun           |       |    13 ||    13
Throw: Tomahawk          |       |     2 ||     2
 Stab: Sleeping          |     9 |     8 ||    17
  Eat: Chunk             |     7 |     9 ||    16
Armor: Robe              |     6 |     9 ||    15
       Ring mail         |       |    34 ||    34
Dodge: Dodged            |    47 |   111 ||   158

Table legend:
 A = Non-vault XP
 B = Vault XP
 C = Vault XP percentage of total XP
 D = Non-vault monster count
 E = Vault monster count
 F = Vault count percentage of total count
                 A         B        C        D         E       F
            +---------+---------+-------+---------+---------+-------
      Total |     180 |       0 |   0.0 |      51 |       0 |   0.0
            +---------+---------+-------+---------+---------+-------
        D:1 |      38 |       0 |   0.0 |      17 |       0 |   0.0
        D:2 |      39 |       0 |   0.0 |      11 |       0 |   0.0
        D:3 |      87 |       0 |   0.0 |      21 |       0 |   0.0
        D:4 |      16 |       0 |   0.0 |       2 |       0 |   0.0
            +---------+---------+-------+---------+---------+-------
